 Dungeon Crawl Stone Soup version 0.31-a0-408-gb642c7f9a3 (webtiles) character file.

Game seed: 15357301403578346150

1428 bobarctor the Magician (level 8, -4/52 HPs)
             Began as a Demonspawn Venom Mage on July 29, 2023.
             Was an Initiate of Sif Muna.
             Slain by a slime creature (14 damage)
             ... on level 5 of the Dungeon on July 30, 2023.
             The game lasted 00:34:48 (5192 turns).

bobarctor the Magician (Demonspawn Venom Mage)      Turns: 5192, Time: 00:34:48

Health: -4/52      AC:  6    Str:  9    XL:     8   Next: 44%
Magic:  16/16      EV: 13    Int: 19    God:    Sif Muna [......]
Gold:   146        SH:  0    Dex: 15    Spells: 7/17 levels left

rFire   . . .        g - +2 whip (elec)
rCold   + . .        (no shield)
rNeg    . . .        u - +2 robe {rC+}
rPois   .            (no helmet)
rElec   .            o - +0 cloak
rCorr   .            (no gloves)
SInv    .            l - +0 pair of boots
Will    .....        p - amulet of regeneration
Stlth   +++          (no ring)
HPRegen 1.08/turn    (no ring)
MPRegen 0.15/turn

%: no passive effects
@: no status effects
A: thin skeletal structure 1, powered by death 1, weakness stinger 2
a: Renounce Religion


You were on level 5 of the Dungeon.
You worshipped Sif Muna.
Sif Muna was noncommittal.
You visited 2 branches of the dungeon, and saw 6 of its levels.

You collected 146 gold pieces.

Inventory:

Hand Weapons
 g - a +2 whip of electrocution (weapon)
 n - a +2 quarterstaff of chaos
Missiles
 e - 68 stones
 y - 16 poisoned darts
Armour
 c - a +0 troll leather armour {Pargi}
 l - a +0 pair of boots (worn)
 o - a +0 cloak (worn)
 u - a +2 robe of cold resistance (worn)
Magical Staves
 d - a staff of conjuration
Jewellery
 p - an amulet of regeneration (around neck)
Wands
 r - a wand of light (5)
Scrolls
 h - a scroll of vulnerability {unknown}
 i - 4 scrolls of identify {unknown}
 j - a scroll of torment {unknown}
 k - 4 scrolls of enchant weapon {unknown}
 m - 2 scrolls of teleportation {unknown}
 w - a scroll of amnesia {unknown}
Potions
 a - a potion of might {unknown}
 b - a potion of magic
 f - 3 potions of degeneration {unknown}
 q - a potion of enlightenment {unknown}
 s - 2 potions of attraction {unknown}
 t - a potion of lignification {unknown}
 v - a potion of heal wounds {unknown}
 x - a potion of haste {unknown}


   Skills:
 + Level 2.7 Dodging
 + Level 3.3 Stealth
 * Level 5.3 Spellcasting
 + Level 3.3 Conjurations
 + Level 1.9 Transmutations
 + Level 4.2 Air Magic
 + Level 5.0 Poison Magic
 * Level 1.3 Invocations
 + Level 2.0 Evocations


You had 7 spell levels left.
You knew the following spells:

 Your Spells              Type           Power      Damage    Failure   Level
a - Sting                 Tmut/Pois      72%        1d6       3%          1
b - Poisonous Vapours     Pois/Air       44%        N/A       2%          2
c - Mephitic Cloud        Conj/Pois/Air  21%        N/A       6%          3
d - Olgreb's Toxic Radia  Pois           24%        N/A       16%         4

Your spell library contained the following spells:

 Spells                   Type           Power      Damage    Failure   Level


Dungeon Overview and Level Annotations

Branches:
Dungeon (5/15)             Temple (1/1) D:4

Altars:
Ashenzari
Dithmenos
Fedhas
Gozag
Kikubaaqudgha
Makhleb
Nemelex Xobeh
Qazlal
Ru
Sif Muna
Trog
Uskayaw
Vehumet
Wu Jian
Xom


Innate Abilities, Weirdness & Mutations

You have a somewhat thin skeletal structure. (Dex +2, Stealth+)
You regenerate a little health from kills.
You have a tail ending in a sharp stinger.


Message History

The slime creature is moderately wounded.
The slime creature hits you but does no damage.
You hit the slime creature.
The slime creature is moderately wounded.
The slime creature misses you.
You hit the slime creature.
Lightning courses through the slime creature!
You tail-slap the slime creature.
The slime creature is heavily wounded.
The slime creature hits you!
You barely miss the slime creature.
The slime creature is heavily wounded.
The slime creature hits you!
* * * LOW HITPOINT WARNING * * *
The slime creature hits you.
* * * LOW HITPOINT WARNING * * *
The slime creature attacks as you move away!
The slime creature hits you but does no damage.
The slime creature attacks as you move away!
The slime creature hits you.
* * * LOW HITPOINT WARNING * * *
There is an open door here.
The slime creature attacks as you move away!
The slime creature closely misses you.
You hit the slime creature but do no damage.
You tail-slap the slime creature.
The slime creature is severely wounded.
The slime creature hits you!
* * * LOW HITPOINT WARNING * * *
The slime creature looks more healthy.
There is an open gate here.
The jelly jiggles.
You hit the slime creature but do no damage.
You tail-slap the slime creature.
The slime creature is severely wounded.
The slime creature barely misses you.
You hit the slime creature. Your punch misses the slime creature.
The slime creature is severely wounded.
The slime creature hits you!
You die...

### ....###.............
..##.####### #..h...........#....
P.#.#.#....###.##...........##...
J.#J#.#.....##.###..###.##......#
P.#.#'#......'.<#..## #..#......#
.J#.#........'.))..# ##.........#
P.#)#........'.#..รท#
#......##..#
..#.#.......##J#.).###.......####
PJ'##......####J@.............#
..########## #.##....#..##......#
## #.. #....##.........#
....#.#.#.....^.##...#
.........#.......# .###
..#..............### ## #
##..>........... .##...#.......##
##.. ........


You could see a slime creature and a jelly.

Vanquished Creatures
  Grinder (D:3)
  A slime creature (D:5)
  Sigmund (D:3)
  Pargi (D:4)
  A black bear (D:5)
  A kobold brigand (D:5)
  2 scorpions
  A jelly (D:5)
  An orc priest (D:4)
  2 iguanas
  A sleepcap (D:4)
  Crazy Yiuf (D:2)
  Ijyb (D:2)
  Natasha (thrice) (D:3)
  3 orc wizards
  8 adders
  A white imp (D:5)
  4 worms
  15 orcs
  9 endoplasms
  6 giant cockroaches
  6 goblins
  11 hobgoblins
  4 jackals (D:1)
  A quokka (D:2)
  7 ball pythons
  6 bats
  8 kobolds
  9 rats
116 creatures vanquished.

Vanquished Creatures (others)
  A bat (D:3)
1 creature vanquished.

Grand Total: 117 creatures vanquished

Notes
Turn   | Place    | Note
-------+----------+-------------------------------------------
     0 | D:1      | bobarctor the Demonspawn Venom Mage began the quest for the
                  | Orb.
     0 | D:1      | Reached XP level 1. HP: 13/13 MP: 3/3
   141 | D:1      | Gained mutation: You regenerate a little health from kills.
                  | [demonic ancestry]
   141 | D:1      | Reached XP level 2. HP: 19/19 MP: 0/5
   209 | D:1      | Learned a level 2 spell: Poisonous Vapours
   333 | D:1      | Reached skill level 1 in Transmutations
   759 | D:1      | Gained mutation: You have a small tail. [demonic ancestry]
   759 | D:1      | Reached XP level 3. HP: 24/24 MP: 4/6
   763 | D:1      | Learned a level 3 spell: Mephitic Cloud
  1161 | D:1      | Found a faded altar of an unknown god.
  1612 | D:2      | Reached skill level 1 in Air Magic
  1612 | D:2      | Reached XP level 4. HP: 18/30 MP: 2/7
  2022 | D:2      | Reached skill level 1 in Evocations
  2302 | D:2      | Found a runed translucent door.
  2303 | D:2      | Noticed Crazy Yiuf
  2310 | D:2      | Killed Crazy Yiuf
  2311 | D:2      | Reached skill level 1 in Conjurations
  2311 | D:2      | Reached XP level 5. HP: 35/35 MP: 0/9
  2745 | D:3      | Noticed Ijyb
  2768 | D:2      | Killed Ijyb
  2931 | D:3      | Noticed Sigmund
  2943 | D:3      | Killed Sigmund
  2944 | D:3      | Reached XP level 6. HP: 41/41 MP: 1/11
  3044 | D:3      | Learned a level 4 spell: Olgreb's Toxic Radiance
  3121 | D:3      | Noticed Natasha
  3144 | D:3      | Killed Natasha
  3155 | D:3      | Noticed Natasha
  3169 | D:3      | Killed Natasha
  3279 | D:3      | Noticed Natasha
  3284 | D:3      | Killed Natasha
  3396 | D:3      | Found a blossoming altar of Fedhas.
  3402 | D:3      | Noticed Grinder
  3690 | D:3      | Killed Grinder
  3691 | D:3      | Gained mutation: You have a somewhat thin skeletal
                  | structure. (Dex +2, Stealth+) [demonic ancestry]
  3691 | D:3      | Reached XP level 7. HP: 36/46 MP: 7/13
  4084 | D:4      | Found a staircase to the Ecumenical Temple.
  4094 | Temple   | Entered the Ecumenical Temple
  4235 | Temple   | Became a worshipper of Sif Muna the Loreminder
  4488 | D:4      | Noticed Pargi
  4495 | D:4      | Killed Pargi
  4608 | D:4      | Found a sacrificial altar of Ru.
  4809 | D:5      | Entered Level 5 of the Dungeon
  4851 | D:5      | Gained mutation: You have a tail ending in a sharp stinger.
                  | [demonic ancestry]
  4851 | D:5      | Reached XP level 8. HP: 51/52 MP: 9/15
  4883 | D:5      | Reached skill level 5 in Spellcasting
  5056 | D:5      | Noticed a slime creature
  5056 | D:5      | Noticed a slime creature
  5088 | D:5      | Killed a slime creature
  5089 | D:5      | Reached skill level 5 in Poison Magic
  5089 | D:5      | Reached skill level 1 in Invocations
  5192 | D:5      | Slain by a slime creature

Illustrated notes

Levels and vault maps discovered:
D:1:      spicycebolla_arrival_transporter_tutorial, layout_rooms,
          shapermc_ecumenical_altar_mp_urbaneastern, wad_floor_pattern_untrapped
D:2:      layout_loops_corners, uniq_crazy_yiuf_cottage
D:3:      layout_basic, fedhas_altar_3, uniq_natasha, uniq_ijyb, uniq_grinder,
          uniq_sigmund
D:4:      layout_basic, nicolae_ru_great_annihilating_truth, temple_green,
          uniq_pargi
D:5:      cheibrodos_fertilizer, layout_cave_pools,
          nicolae_hepliaklqana_hippocampus, kennysheep_small_circle
Temple:   hellmonk_temple_of_storms

Skill      XL: |  1  2  3  4  5  6  7  8 |
---------------+-------------------------+-----
Transmutations | 1 |  1.9
Stealth        | 2 3 |  3.3
Air Magic      | 1 2 3 4 |  4.2
Evocations     | 1 2 |  2.0
Dodging        | 2 |  2.7
Conjurations   | 1 2 3 |  3.3
Spellcasting   | 3 4 5 |  5.3
Poison Magic   | 4 5 |  5.0
Invocations    | 1 |  1.3

Action                     |  1- 3 |  4- 6 |  7- 9 || total
---------------------------+-------+-------+-------++-------
  Melee: Dagger            |    24 |       |       ||    24
         Whip              |    24 |   105 |    70 ||   199
         Tailslap          |     6 |    19 |    14 ||    39
         Punch             |     1 |     1 |       ||     2
   Cast: Sting             |    41 |    18 |    17 ||    76
         Poisonous Vapours |    14 |    26 |    20 ||    60
         Mephitic Cloud    |     1 |    10 |     8 ||    19
         Olgreb's Toxic Ra |       |       |     1 ||     1
   Stab: Sleeping          |     1 |     2 |     2 ||     5
         Confused          |       |     3 |     4 ||     7
         Invisible         |       |       |     1 ||     1
 Armour: Robe              |     8 |    29 |    20 ||    57
  Dodge: Dodged            |    39 |    60 |    33 ||   132

Table legend: (Time is in decaauts)
 A = Elapsed time spent in this place.
 B = Non-inter-level travel time spent in this place.
 C = Inter-level travel time spent in this place.
 D = Time resting spent in this place.
 E = Time spent auto-exploring this place.
 F = Levels seen in this place.
 G = Mean time per level.
                   A        B        C        D        E       F      G
               +--------+--------+--------+--------+--------+-----+--------+
         Total |   5220 |   5077 |    143 |   1358 |   2267 |   6 |  870.0 |
       Dungeon |   5052 |   4929 |    123 |   1358 |   2267 |   5 | 1010.4 |
        Temple |    167 |    147 |     20 |      0 |      0 |   1 |  167.0 |
               +--------+--------+--------+--------+--------+-----+--------+

Top non-repeatable levels by time:
     D:2: 1623 daAuts
     D:1: 1195 daAuts
     D:3: 1014 daAuts
     D:4: 930 daAuts
     D:5: 290 daAuts
  Temple: 167 daAuts
